 Dungeon Crawl Stone Soup version 0.19.1-1-g22dce08 (webtiles) character file.

203 DaddyBuck the Covered (level 5, -12/42 HPs)
             Began as a Minotaur Fighter on Jan 4, 2017.
             Was an Initiate of Hepliaklqana.
             Killed from afar by a scorpion (13 damage)
             ... with an exploding inner flame
             ... hexed by the player character
             ... on level 4 of the Dungeon.
             The game lasted 00:05:59 (2250 turns).

DaddyBuck the Covered (Minotaur Fighter)            Turns: 2250, Time: 00:05:59

Health: -12/42     AC:  7    Str: 26    XL:     5   Next: 51%
Magic:  4/4        EV:  8    Int:  5    God:    Hepliaklqana [......]
Gold:   151        SH: 11    Dex: 10    Spells: 0 memorised, 4 levels left

rFire  . . .     SeeInvis .     a - +1 war axe
rCold  . . .     Gourm    .     b - +0 scale mail
rNeg   . . .     Faith    .     c - +1 shield
rPois  .         Spirit   .     (helmet restricted)
rElec  .         Reflect  .     (no cloak)
rCorr  .         Harm     .     (no gloves)
MR     .....                    (no boots)
Stlth  +.........               s - amulet of magic regeneration
                                (no ring)
                                t - ring of stealth

@: mighty, lethally poisoned (-12 -> -30)
A: retaliatory headbutt, reduced essence, horns 2
a: Recall Ancestor, Ancestor Identity, Renounce Religion


You were on level 4 of the Dungeon.
You worshipped Hepliaklqana.
Hepliaklqana was noncommittal.
You were not hungry.

You visited 2 branches of the dungeon, and saw 5 of its levels.

You collected 151 gold pieces.

Inventory:

Hand Weapons
 a - a +1 war axe (weapon)
 i - a +4 spear of piercing (quivered)
Armour
 b - a +0 scale mail (worn)
 c - a +1 shield (worn)
Jewellery
 j - an uncursed ring of magical power {unknown}
 q - an uncursed ring of protection from cold {unknown}
 s - an amulet of magic regeneration (around neck)
 t - a ring of stealth (left hand)
Scrolls
 k - 5 scrolls of remove curse
 r - 2 scrolls of identify
Potions
 d - 2 potions of might
 e - 3 potions of curing
 g - a potion of brilliance {unknown}
 h - a potion of resistance
 n - 2 potions of cancellation
Comestibles
 f - 5 bread rations
 m - a slice of pizza
 o - 3 fruits
 p - a meat ration


   Skills:
 + Level 4.8 Fighting
 + Level 3.9 Axes
 + Level 5.0 Armour
 + Level 4.9 Shields


You had 4 spell levels left.
You didn't know any spells.

Dungeon Overview and Level Annotations

Branches:
Dungeon (4/15)             Temple (1/1) D:4

Altars:
Cheibriados
Dithmenos
Elyvilon
Fedhas
Gozag
Hepliaklqana
Kikubaaqudgha
Makhleb
Nemelex Xobeh
Ru
Sif Muna
Trog
Vehumet
Xom
Yredelemnul
The Shining One

Annotations:
D:4 Eustachio


Innate Abilities, Weirdness & Mutations

You reflexively headbutt those who attack you in melee.
You have a pair of horns on your head.
Your life essence is reduced. (-10% HP)


Message History

* * * LOW HITPOINT WARNING * * *
You feel sick.
Ashley hits the scorpion but does no damage.
As you read the scroll of immolation, it crumbles to dust.
The creatures around you are filled with an inner flame!
Ashley hits the hobgoblin.
The scorpion stings you.
* * * LOW HITPOINT WARNING * * *
You are more poisoned.
The scorpion poisons you!
You barely miss the scorpion. You headbutt the scorpion!
The scorpion explodes!
The fiery explosion engulfs the hobgoblin.
The hobgoblin explodes!
The fiery explosion engulfs the shadow imp.
You kill the shadow imp!
The fiery explosion engulfs Ashley.
Ashley resists.
Ashley is severely damaged.
The fiery explosion engulfs you!
You die...

### ... #.# .5.
#.#####5######. ###
#....5...s..... #..
#§#################.#
#R§.@...............#
#####################


You could see the friendly Ashley the ancestor (inner flame).

Vanquished Creatures
  A scorpion (D:4)
  A worker ant (D:4)
  3 adders
  An adder skeleton (D:4)
  3 worms
  4 dart slugs
  An orc (D:3)
  2 ball pythons (D:1)
  3 bats
  2 giant cockroaches (D:3)
  15 goblins
  9 hobgoblins
  A quokka (D:3)
  6 frilled lizards
  6 kobolds
  6 rats
64 creatures vanquished.

Vanquished Creatures (collateral kills)
  Robin (D:4)
  2 goblins (D:4)
3 creatures vanquished.

Grand Total: 67 creatures vanquished

Notes
Turn   | Place    | Note
-------+----------+-------------------------------------------
     0 | D:1      | DaddyBuck the Minotaur Fighter began the quest for the Orb.
     0 | D:1      | Reached XP level 1. HP: 19/19 MP: 0/0
   120 | D:1      | Reached XP level 2. HP: 27/27 MP: 1/1
   440 | D:1      | Reached skill level 4 in Armour
   755 | D:2      | Reached XP level 3. HP: 33/33 MP: 2/2
   947 | D:2      | Found a radiant altar of Vehumet.
  1080 | D:2      | Reached XP level 4. HP: 40/40 MP: 3/3
  1326 | D:3      | Found a glowing golden altar of the Shining One.
  1408 | D:3      | Found a sparkling altar of Nemelex Xobeh.
  1852 | D:4      | Found a staircase to the Ecumenical Temple.
  1880 | Temple   | Entered the Ecumenical Temple
  2039 | Temple   | Became a worshipper of Hepliaklqana the Forgotten
  2138 | D:4      | Reached XP level 5. HP: 36/42 MP: 4/4
  2222 | D:4      | Noticed Eustachio
  2226 | D:4      | Noticed Robin
  2243 | D:4      | Killed Robin
  2243 | D:4      | Reached skill level 5 in Armour
  2249 | D:4      | HP: 1/42 [scorpion (2)]
  2250 | D:4      | Killed from afar by a scorpion

Skill      XL: |  1  2  3  4  5 |
---------------+----------------+-----
Shields        | 4 |  4.9
Fighting       | 4 |  4.8
Armour         | 4 5 |  5.0
Axes           | 3 |  3.9

Action                   |  1- 3 |  4- 6 || total
-------------------------+-------+-------++-------
Melee: War axe           |    81 |    72 ||   153
       Headbutt          |    10 |     7 ||    17
Invok: Ancestor Identity |       |     1 ||     1
  Use: Scroll            |     6 |     5 ||    11
       Potion            |       |     1 ||     1
  Eat: Chunk             |     1 |     3 ||     4
Armor: Scale mail        |    28 |    26 ||    54
Dodge: Dodged            |    19 |    22 ||    41
Block: Shield            |    37 |    44 ||    81
